 Seeded DCSS version 0.28-a0-429-g1448048969 (webtiles) character file.

Game seed: 20210911 (custom seed)

5446 SkeletonJelly the Carver (level 10, -6/94 HPs)
             Began as a Minotaur Fighter on Sept 11, 2021.
             Was a Believer of Okawaru.
             Mangled by a two-headed ogre (13 damage)
             ... on level 9 of the Dungeon.
             The game lasted 00:19:32 (10171 turns).

SkeletonJelly the Carver (Minotaur Fighter)        Turns: 10171, Time: 00:19:33

Health: -6/94      AC: 13    Str: 24    XL:     10   Next: 41%
Magic:  10/12      EV:  8    Int:  5    God:    Okawaru [**....]
Gold:   345        SH:  6    Dex: 10    Spells: 9/9 levels left

rFire   + . .      SeeInvis .   j - +3 long sword (freeze)
rCold   + . .      Faith    .   c - +0 buckler
rNeg    + . .      Spirit   .   C - +0 plate armour
rPois   .          Reflect  .   (helmet restricted)
rElec   .          Harm     .   (no cloak)
rCorr   .          Rampage  .   (no gloves)
Will    .....      Clarity  +   (no boots)
Stlth   ..........              (no amulet)
HPRegen 0.25/turn               p - ring of protection from cold
MPRegen 0.13/turn               A - ring of positive energy

@: heroic
A: horns 2, retaliatory headbutt, clarity, fire resistance 1
a: Renounce Religion, Heroism


You were on level 9 of the Dungeon.
You worshipped Okawaru.
Okawaru was pleased with you.
You visited 2 branches of the dungeon, and saw 10 of its levels.

You collected 345 gold pieces.

Inventory:

Hand Weapons
 a - a +0 long sword
 j - a +3 long sword of freezing (weapon)
 u - the +5 hand axe of Malaise {drain, rC+ Str-5 SInv}
   (You found it on level 4 of the Dungeon)

   A truly terrible weapon, it drains the life of any living foe it strikes.
   Str:       It affects your strength (-5).
   rC:        It protects you from cold.
   SInv:      It lets you see invisible.
Missiles
 n - 39 poisoned darts (quivered)
Armour
 b - a +0 scale mail
 c - a +0 buckler (worn)
 o - a +0 kite shield
 q - the +3 leather armour "Furun" {rPois Str+4 Dex+3}
   (You found it on level 7 of the Dungeon)

   Str:       It affects your strength (+4).
   Dex:       It affects your dexterity (+3).
   rPois:     It protects you from poison.
 C - a +0 plate armour (worn)
Jewellery
 p - a ring of protection from cold (left hand)
 A - a ring of positive energy (right hand)
Scrolls
 e - 3 scrolls of blinking {unknown}
 f - 7 scrolls of identify {unknown}
 g - a scroll of immolation {unknown}
 h - 7 scrolls of noise {unknown}
 k - 4 scrolls of teleportation {unknown}
 l - 4 scrolls of magic mapping {unknown}
 m - 3 scrolls of enchant weapon {unknown}
 t - 3 scrolls of amnesia {unknown}
 v - a scroll of fear {unknown}
 w - a scroll of vulnerability {unknown}
 y - 2 scrolls of torment {unknown}
 z - a scroll of enchant armour {unknown}
 B - a scroll of fog {unknown}
Potions
 d - 2 potions of might
 i - 3 potions of lignification
 r - a potion of cancellation
 s - a potion of haste
 x - a potion of curing
 D - a potion of mutation


   Skills:
 + Level 10.7(15.7) Fighting
 - Level 14.0(19.0) Long Blades
 - Level 3.6(8.6) Armour
 + Level 4.0(9.0) Shields
 + Level 4.5 Invocations


You had 9 spell levels left.
You didn't know any spells.
Your spell library was empty.

Dungeon Overview and Level Annotations

Branches:
Dungeon (9/15)             Temple (1/1) D:7
   Lair: D:8-11         Orc: D:9-12

Altars:
Ashenzari
Cheibriados
Dithmenos
Elyvilon
Fedhas
Gozag
Hepliaklqana
Kikubaaqudgha
Nemelex Xobeh
Okawaru
Qazlal
Ru
Sif Muna
Trog
Vehumet
Wu Jian
Xom
Yredelemnul
Zin
The Shining One

Shops:
D:3 *   D:4 *


Innate Abilities, Weirdness & Mutations

You have a pair of horns on your head.
You reflexively headbutt those who attack you in melee.
You possess an exceptional clarity of mind.
Your flesh is heat resistant. (rF+)


Message History

The two-headed ogre hits you with a +0 giant club.
You take 14 damage, and have 58/94 hp.
You slash the two-headed ogre! You freeze the two-headed ogre.
You headbutt the two-headed ogre.
The two-headed ogre is almost dead.
The two-headed ogre looks more healthy.
You slash the two-headed ogre! You freeze the two-headed ogre.
You kill the two-headed ogre!
Okawaru accepts your kill.
Base training target 14.0 for Long Blades reached!
Your base Long Blades skill increases to level 14!
No target in view!
No target in view!
No target in view!
No target in view!
No target in view!
Unknown command.
Unknown command.
You feel like a meek peon again.
Key pressed, stopping explore.
Key pressed, stopping explore.
Key pressed, stopping explore.
Things that are here:
a +0 giant club; a +0 giant club; Health restored: 94; MP restored: 12 An orc wizard comes into view.
It is wielding a +0 dagger.
The orc wizard shouts!
You hear two shouts!
The orc wizard casts a spell.
The orc wizard flickers and vanishes!
Deactivating autopickup; reactivate with Ctrl-A.
You see here 9 poisoned darts.
There is a strange disturbance nearby!
There is a strange disturbance nearby!
There is a strange disturbance nearby!
There is a strange disturbance nearby!
There is a strange disturbance nearby!
No target in view!
No target in view!
A puff of flame appears from out of thin air!
The puff of flame hits you but does no damage.
You resist.
Things that are here:
a +0 giant club; a +0 giant club A magic dart appears from out of thin air!
The magic dart hits you but does no damage.
Something completely misses you.
You see here a poisoned dart.
You hit something but do no damage. You barely miss something.
Your headbutt misses something. Something hits you but does no damage.
You slash something! You freeze something.
A two-headed ogre comes into view. It is wielding two +0 giant clubs.
You hear some strange, mumbled words.
A magic dart appears from out of thin air!
The magic dart hits you but does no damage.
You slash something! You freeze something. Okawaru accepts your kill.
Reactivating autopickup.
You feel a bit more experienced.
The two-headed ogre hits you with a +0 giant club.
You block the two-headed ogre's attack.
Things that are here:
a +0 dagger; a +0 robe You take 1 damage, and have 93/94 hp.
The two-headed ogre hits you with a +0 giant club! x2
You take 27 damage, and have 66/94 hp.
MASSIVE DAMAGE!!
You gain the combat prowess of a mighty hero.
The two-headed ogre hits you with a +0 giant club!!
The two-headed ogre closely misses you.
You take 19 damage, and have 47/94 hp.
MASSIVE DAMAGE!!
You now have 10/12 mp.
You hit the two-headed ogre. You freeze the two-headed ogre.
The two-headed ogre is lightly wounded.
You slash the two-headed ogre! You freeze the two-headed ogre.
The two-headed ogre is heavily wounded.
You block the two-headed ogre's attack.
The two-headed ogre hits you with a +0 giant club.
You take 5 damage, and have 42/94 hp.
You hit the two-headed ogre. You freeze the two-headed ogre.
The two-headed ogre is heavily wounded.
The two-headed ogre barely misses you.
The two-headed ogre hits you with a +0 giant club!!
* * * LOW HITPOINT WARNING * * *
You take 22 damage, and have 20/94 hp.
MASSIVE DAMAGE!!
You hit the two-headed ogre. You freeze the two-headed ogre.
Your headbutt misses the two-headed ogre.
The two-headed ogre is severely wounded.
A bullfrog comes into view.
The bullfrog croaks.
You hit the two-headed ogre. You freeze the two-headed ogre.
The two-headed ogre is severely wounded.
The two-headed ogre hits you with a +0 giant club!
* * * LOW HITPOINT WARNING * * *
The two-headed ogre closely misses you.
You take 14 damage, and have 6/94 hp.
You hit the two-headed ogre. You freeze the two-headed ogre.
Your headbutt misses the two-headed ogre.
The two-headed ogre is severely wounded.
You closely miss the two-headed ogre.
The two-headed ogre is severely wounded.
The two-headed ogre hits you with a +0 giant club!
You die...

#.# #.# #.. ###
####### ###$.(.(###
##.........##
#(@.)(.)....## ##
#...O#####....# ..#
#...#...[.#...# #.#
#..#.)..(..#..###.#
#.#....F....#.#.#.#
## .⌠.....⌠..##.#.#
..........'....#
.⌠.....⌠..##...##
....⌠....#.#.....


You could see a two-headed ogre and a bullfrog.

Vanquished Creatures
  A two-headed ogre (D:9)
  Pikel (D:6)
  A wraith (D:9)
  Sigmund (D:2)
  2 orc warriors (D:9)
  3 water moccasins
  3 ice beasts
  2 sky beasts (D:6)
  2 ogres
  2 necrophages
  3 centaurs
  2 kobold brigands
  3 bullfrogs
  2 gnoll sergeants
  A scorpion (D:6)
  8 killer bees
  10 wights
  A bullfrog zombie (D:5)
  4 hounds
  3 jellies
  A bullfrog skeleton (D:7)
  6 orc priests
  Jessica (D:2)
  An iguana (D:7)
  Natasha (thrice) (D:2)
  Terence (D:3)
  13 orc wizards
  A hound skeleton (D:4)
  A howler monkey zombie (D:8)
  Robin (D:2)
  11 gnolls
  A howler monkey skeleton (D:6)
  4 adders
  A shadow imp (D:6)
  An adder skeleton (D:4)
  2 worms (D:2)
  2 dart slugs
  27 orcs
  5 endoplasms
  5 giant cockroaches
  13 goblins
  8 hobgoblins
  11 kobolds
  A quokka (D:2)
  5 ball pythons
  A bat (D:1)
  2 frilled lizards
  4 rats
188 creatures vanquished.

Vanquished Creatures (others)
  A goblin (D:2)
1 creature vanquished.

Grand Total: 189 creatures vanquished

Notes
Turn   | Place    | Note
-------+----------+-------------------------------------------
     0 | D:1      | SkeletonJelly the Minotaur Fighter began the quest for the
                  | Orb.
     0 | D:1      | Reached XP level 1. HP: 19/19 MP: 0/0
   244 | D:1      | Reached skill level 3 in Long Blades
   244 | D:1      | Reached XP level 2. HP: 24/27 MP: 1/1
   536 | D:1      | Found a faded altar of an unknown god.
   668 | D:2      | Noticed Natasha
   669 | D:2      | Noticed a crimson imp
   678 | D:2      | Killed Natasha
   679 | D:2      | Reached XP level 3. HP: 31/33 MP: 2/2
   684 | D:2      | Reached skill level 4 in Long Blades
   964 | D:1      | Reached XP level 4. HP: 19/41 MP: 3/3
  1276 | D:2      | Noticed Robin
  1283 | D:2      | Noticed Natasha
  1287 | D:2      | Killed Natasha
  1482 | D:2      | Reached skill level 5 in Long Blades
  1492 | D:2      | Killed Robin
  1567 | D:2      | Noticed Natasha
  1572 | D:2      | Killed Natasha
  1573 | D:2      | Reached XP level 5. HP: 39/47 MP: 4/4
  1754 | D:2      | Reached skill level 5 in Fighting
  1795 | D:2      | Noticed Jessica
  1800 | D:2      | Noticed Sigmund
  1804 | D:2      | Killed Jessica
  1830 | D:2      | Killed Sigmund
  1831 | D:2      | Reached skill level 6 in Long Blades
  1831 | D:2      | Reached XP level 6. HP: 21/56 MP: 5/5
  2231 | D:3      | Noticed Terence
  2232 | D:3      | You fall into a shaft and drop 2 floors!
  2232 | D:5      | Entered Level 5 of the Dungeon
  2232 | D:5      | Noticed an ice beast
  2246 | D:5      | Killed an ice beast
  2247 | D:5      | Reached skill level 7 in Long Blades
  2285 | D:4      | Found Dyplyduo's General Store.
  2295 | D:3      | Reached XP level 7. HP: 63/63 MP: 6/6
  2304 | D:3      | Killed Terence
  2370 | D:3      | Found a radiant altar of Vehumet.
  2493 | D:3      | Reached skill level 8 in Long Blades
  2584 | D:3      | Found Afericve's Assorted Antiques.
  3108 | D:4      | Found a hazy altar of Hepliaklqana.
  3209 | D:4      | Identified the +5 hand axe of Malaise {drain, rC+ Str-5
                  | SInv}
  3254 | D:4      | Found an ancient bone altar of Kikubaaqudgha.
  3344 | D:4      | Found a snail-covered altar of Cheibriados.
  3346 | D:4      | Found a sacrificial altar of Ru.
  3346 | D:4      | Found a glowing golden altar of the Shining One.
  3357 | D:4      | Found a bloodstained altar of Trog.
  3400 | D:4      | Identified the +2 leather armour "Palep" {rC+}
  4072 | D:5      | Reached skill level 9 in Long Blades
  4257 | D:5      | You fall into a shaft and drop 1 floor!
  4308 | D:6      | Noticed Pikel
  4327 | D:6      | Killed Pikel
  4328 | D:6      | Reached skill level 10 in Long Blades
  4328 | D:6      | Reached XP level 8. HP: 55/74 MP: 7/7
  4702 | D:6      | Gained mutation: You possess an exceptional clarity of
                  | mind. [potion of mutation]
  4702 | D:6      | Gained mutation: Your flesh is heat resistant. (rF+)
                  | [potion of mutation]
  4713 | D:6      | Reached skill level 11 in Long Blades
  5286 | D:6      | Reached XP level 9. HP: 82/82 MP: 8/8
  5436 | D:6      | Found a glowing silver altar of Zin.
  5769 | D:6      | Reached skill level 12 in Long Blades
  5872 | D:7      | Found a staircase to the Ecumenical Temple.
  5884 | Temple   | Entered the Ecumenical Temple
  6099 | Temple   | Became a worshipper of Warmaster Okawaru
  6129 | D:7      | Identified the +3 leather armour "Furun" {rPois Str+4
                  | Dex+3}
  6153 | D:7      | Reached skill level 1 in Invocations
  7129 | D:7      | Reached * piety under Okawaru
  7336 | D:8      | Reached skill level 10 in Fighting
  7702 | D:8      | Reached skill level 13 in Long Blades
  8440 | D:8      | Reached XP level 10. HP: 69/91 MP: 11/11
  9971 | D:9      | Reached ** piety under Okawaru
  9998 | D:9      | Noticed a two-headed ogre
 10008 | D:9      | Killed a two-headed ogre
 10009 | D:9      | Reached skill level 14 in Long Blades
 10159 | D:9      | Noticed a two-headed ogre
 10171 | D:9      | Mangled by a two-headed ogre

Illustrated notes

Levels and vault maps discovered:
D:1:      eino_arrival_water_cross, layout_basic,
          hellmonk_ecumenical_altar_slurped_away, minmay_misc_feat_encased
D:2:      layout_rooms, chequers_serial_rivers_small_3, minivault_27,
          uniq_jessica, uniq_robin, uniq_sigmund, uniq_natasha
D:3:      layout_basic, mainiacjoe_overflow_surrounded_room, serial_shops,
          nicolae_shop_statue_plus, uniq_terence
D:4:      layout_basic, mainiacjoe_overflow_concentric_impassable,
          grunt_temple_overflow_open, nicolae_hepliaklqana_hazy_memory,
          serial_shops, nicolae_stop_n_shop_1
D:5:      layout_loops_cross, mainiacjoe_overflow_alcove_2
D:6:      layout_basic, zin_scriptorium, uniq_pikel
D:7:      layout_loops_ring, minmay_temple_entry_large_hall
D:8:      layout_layer_cave, item_on_display_b
D:9:      kennysheep_ambush_hall, layout_loops_ring
Temple:   hc_temple_tempest_star

Skill      XL: |  1  2  3  4  5  6  7  8  9 10 |
---------------+-------------------------------+-----
Long Blades    | 3 4 5 6 7 10 11 13 14 | 14.0
Fighting       | 4 5 6 7 8 10 | 10.7
Shields        | 4 |  4.0
Invocations    | 3 4 |  4.5
Armour         | |  3.6

Action                   |  1- 3 |  4- 6 |  7- 9 | 10-12 || total
-------------------------+-------+-------+-------+-------++-------
Melee: Long sword        |    58 |    89 |   299 |    92 ||   538
       Headbutt          |     6 |     8 |    60 |    15 ||    89
Throw: Dart              |       |     5 |     7 |     3 ||    15
Invok: Heroism           |       |       |     3 |     4 ||     7
  Use: Potion            |       |     1 |    11 |       ||    12
 Stab: Invisible         |       |       |     1 |       ||     1
Armor: Scale mail        |    20 |    26 |    71 |     2 ||   119
       Skin              |       |     9 |       |       ||     9
       Plate armour      |       |       |       |    14 ||    14
Dodge: Dodged            |    32 |    35 |    86 |    21 ||   174
Block: Buckler           |     8 |    17 |    51 |    15 ||    91

Table legend: (Time is in decaauts)
 A = Elapsed time spent in this place.
 B = Non-inter-level travel time spent in this place.
 C = Inter-level travel time spent in this place.
 D = Time resting spent in this place.
 E = Time spent auto-exploring this place.
 F = Levels seen in this place.
 G = Mean time per level.
                   A        B        C        D        E       F      G
               +--------+--------+--------+--------+--------+-----+--------+
         Total |  10138 |   9879 |    259 |     76 |   8330 |  10 | 1013.8 |
       Dungeon |   9913 |   9662 |    251 |     76 |   8142 |   9 | 1101.4 |
        Temple |    224 |    216 |      8 |      0 |    188 |   1 |  224.0 |
               +--------+--------+--------+--------+--------+-----+--------+

Top non-repeatable levels by time:
     D:8: 2036 daAuts
     D:6: 1724 daAuts
     D:1: 1197 daAuts
     D:2: 1037 daAuts
     D:7: 1010 daAuts
     D:9: 858 daAuts
     D:4: 829 daAuts
     D:3: 818 daAuts
     D:5: 402 daAuts
  Temple: 224 daAuts
